 Dungeon Crawl Stone Soup version 0.30-a0-760-g5a9884bb7c (webtiles) character file.

Game seed: 12827093047169553557

2256 kae the Destroyer (level 9, -3/45 HPs)
             Began as a Gargoyle Earth Elementalist on Feb 10, 2023.
             Was an Initiate of Vehumet.
             Slain by a wight
             ... wielding a +4 war axe
              (6 damage)
             ... on level 7 of the Dungeon.
             The game lasted 00:05:47 (8235 turns).

kae the Destroyer (Gargoyle Earth Elementalist)     Turns: 8235, Time: 00:05:47

Health: -3/45      AC: 10    Str: 11    XL:     9   Next: 37%
Magic:  7/18       EV: 11    Int: 27    God:    Vehumet [......]
Gold:   364        SH:  0    Dex: 10    Spells: 10/20 levels left

rFire   . . .      SeeInvis .    e - +2 dagger (venom)
rCold   + . .      Faith    .    (no shield)
rNeg    + . .      Spirit   .    a - +0 robe
rPois   ∞          Reflect  .    (no helmet)
rElec   +          Harm     .    (no cloak)
rCorr   .          Rampage  .    j - +0 pair of gloves
Will    .....                    g - +0 pair of boots
Stlth   ++                       (no amulet)
HPRegen 0.27/turn                I - +6 ring of intelligence
MPRegen 0.16/turn                C - ring of protection from cold

@: no status effects
A: sickness immunity, AC +6, negative energy resistance 1, electricity
resistance, torment resistance 1, petrification resistance
a: Renounce Religion


You were on level 7 of the Dungeon.
You worshipped Vehumet.
Vehumet was noncommittal.
You visited 2 branches of the dungeon, and saw 9 of its levels.

You collected 364 gold pieces.


Innate Abilities, Weirdness & Mutations

You are immune to sickness and miasma.
Your stone body is resilient. (AC +6)
You are immune to poison.
You resist negative energy. (rN+)
You are resistant to electric shocks. (rElec)
You are resistant to unholy torment.
You are immune to petrification.


   Skills:
 - Level 1.5 Dodging
 - Level 2.1 Stealth
 + Level 6.0 Spellcasting
 * Level 9.1 Conjurations
 - Level 0.7 Transmutations
 + Level 8.3 Earth Magic


You had 10 spell levels left.
You knew the following spells:

 Your Spells              Type           Power      Damage    Failure   Level
a - Sandblast             Erth           100%       2d20      1%          1
b - Stone Arrow           Conj/Erth      100%       3d13      1%          3
c - Passwall              Tmut/Erth      26%        N/A       1%          2
d - Petrify               Tmut/Erth      32%        N/A       10%         4

Your spell library contained the following spells:

 Spells                   Type           Power      Damage    Failure   Level
 Sting                    Tmut/Pois      40%        1d5       5%          1
 Blink                    Tloc           16%        N/A       10%         2
 Poisonous Vapours        Pois/Air       16%        N/A       10%         2
 Manifold Assault         Tloc           8%         N/A       54%         4
 Olgreb's Toxic Radiance  Pois           8%         N/A       54%         4
 Storm Form               Tmut/Air       5%         N/A       100%        7

Inventory:

Hand Weapons
 e - a +2 dagger of venom (weapon)
   (You took it off a goblin on level 2 of the Dungeon)
Missiles
 d - 35 stones
 s - 2 silver boomerangs
 v - 7 poisoned darts
 x - 2 boomerangs
Armour
 a - a +0 robe (worn)
 g - a +0 pair of boots (worn)
   (You found it on level 1 of the Dungeon)
 j - a +0 pair of gloves (worn)
   (You found it on level 2 of the Dungeon)
Jewellery
 C - a ring of protection from cold (right hand)
   (You found it on level 5 of the Dungeon)
 I - a +6 ring of intelligence (left hand)
   (You found it on level 4 of the Dungeon)
 T - an amulet of faith {!P}
   (You found it on level 4 of the Dungeon)
Wands
 t - a wand of polymorph (11)
   (You found it on level 6 of the Dungeon)
Scrolls
 c - 3 scrolls of immolation {!r!r}
 h - a scroll of fear
 i - 3 scrolls of magic mapping {!r}
 q - 7 scrolls of teleportation {@r4}
 w - a scroll of blinking {!r}
Potions
 b - a potion of magic
 f - a potion of degeneration {!q}
 k - 2 potions of brilliance
 l - 2 potions of mutation {unknown}
 n - 3 potions of lignification {unknown}
 o - a potion of cancellation
 p - 2 potions of invisibility
 r - 6 potions of heal wounds {@q2}
 u - 3 potions of curing {@q1}

Dungeon Overview and Level Annotations

Branches:
Dungeon (8/15) Zot: 26956  Temple (1/1) D:7 Zot: 5802
   Lair: D:8-11

Altars:
Ashenzari
Dithmenos
Elyvilon
Fedhas
Gozag
Hepliaklqana
Kikubaaqudgha
Makhleb
Nemelex Xobeh
Okawaru
Qazlal
Ru
Sif Muna
Trog
Uskayaw
Vehumet
Wu Jian
Xom
Yredelemnul
Zin
The Shining One

Shops:
D:4 !

Annotations:
D:3 Ijyb
D:4 Pikel
D:5 1 runed translucent door, Crazy Yiuf
D:7 exclusion: vampire

#........###........####+###
####.....# #................
#####.....###................
###.........#..................
#....†......#..................
#................#...##........
#............#+####...#........
###..........#.####...#........
#...........@z......'........
###....######.......########8
###....#..^.........##.......
###...................##...°...
#.....................##.......
#.........####........##.......
#.........# #......[.##.......
###.......####........##.......
#...................##.......


You could see a wight.


Message History

Unknown command.
Items here: )) [[. 😎 MP[+2]
You regained 2 mp, and now have 15/18 mp.
A wight comes into view.
It is wielding a +3 scimitar of freezing.
A wight is nearby!
A wight is nearby! 2 wights come into view.
Found a stone staircase leading down.
Casting: Sandblast (safe; 1% risk of failure)
Confirm with . or Enter, or press ? or * to list all spells.
Aiming: Sandblast (safe; 1% risk of failure)
Press: ? - help, Shift-Dir - straight line, f - wight
Aim: a wight, wielding a +3 scimitar of freezing and wearing a +0 robe (85% to hit)
The blast of sand misses the wight. 😎 MP[-1]
You lost 1 mp, and now have 14/18 mp.
Casting: Sandblast (safe; 1% risk of failure)
Confirm with . or Enter, or press ? or * to list all spells.
Aiming: Sandblast (safe; 1% risk of failure)
Press: ? - help, Shift-Dir - straight line, f/p - wight
Aim: a wight, wielding a +3 scimitar of freezing and wearing a +0 robe (85% to hit)
The blast of sand misses the wight.
Casting: Sandblast (safe; 1% risk of failure)
Confirm with . or Enter, or press ? or * to list all spells.
Aiming: Sandblast (safe; 1% risk of failure)
Press: ? - help, Shift-Dir - straight line, f/p - wight
Aim: a wight, wielding a +3 scimitar of freezing and wearing a +0 robe (85% to hit)
The blast of sand hits the wight! 😎 MP[-1]
You lost 1 mp, and now have 13/18 mp.
Casting: Sandblast (safe; 1% risk of failure)
Confirm with . or Enter, or press ? or * to list all spells.
Aiming: Sandblast (safe; 1% risk of failure)
Press: ? - help, Shift-Dir - straight line, f/p - wight
Aim: a wight, wielding a +3 scimitar of freezing and wearing a +0 robe (moderately damaged, 85% to hit)
The blast of sand hits the wight!
The wight barely misses you. The wight hits you but does no damage.
The wight hits you from afar with a +0 halberd!
The wight barely misses you.
The wight hits you with a +3 scimitar of freezing!
The wight freezes you. 😮 HP[-22] MP[-1]
You take 22 damage, and now have 23/45 hp.
MASSIVE DAMAGE!! (PAUSE)
You lost 1 mp, and now have 12/18 mp.
Casting: Sandblast (safe; 1% risk of failure)
Confirm with . or Enter, or press ? or * to list all spells.
Aiming: Sandblast (safe; 1% risk of failure)
Press: ? - help, Shift-Dir - straight line, f/p - wight
Aim: a wight, wielding a +3 scimitar of freezing and wearing a +0 robe (almost destroyed, 85% to hit)
The blast of sand hits the wight but does no damage.
The wight closely misses you. The wight hits you with a +4 war axe.
The wight closely misses you. 😮 MP[-1]
You lost 1 mp, and now have 11/18 mp.
Unknown command.
The wight hits you but does no damage. 😮 MP[+1]
The wight attacks as you move away! The wight hits you but does no damage.
The wight attacks as you move away!
The wight hits you with a +3 scimitar of freezing.
* * * LOW HITPOINT WARNING * * *
Items here: )) [[. 😨 HP[-2]
You take 2 damage, and now have 21/45 hp.
The wight attacks as you move away! The wight closely misses you.
The wight attacks as you move away! The wight hits you with a +4 war axe.
* * * LOW HITPOINT WARNING * * *
😨 HP[-3]
You take 3 damage, and now have 18/45 hp.
The wight attacks as you move away! The wight hits you with a +4 war axe.
* * * LOW HITPOINT WARNING * * *
There is a stone staircase leading up here. 😨 HP[-1] MP[+1]
You take 1 damage, and now have 17/45 hp.
The wight hits you with a +4 war axe!
* * * LOW HITPOINT WARNING * * *
You climb upwards.
Level annotation: exclusion: vampire
There is a stone staircase leading down here. 😱 HP[-9]
You take 9 damage, and now have 8/45 hp.
Casting: Sandblast (safe; 1% risk of failure)
Confirm with . or Enter, or press ? or * to list all spells.
Aiming: Stone Arrow (safe; 1% risk of failure)
Press: ? - help, Shift-Dir - straight line, f - wight
Aim: a wight, wielding a +4 war axe and wearing a +0 robe (78% to hit)
The stone arrow misses the wight.
The wight hits you with a +4 war axe.
* * * LOW HITPOINT WARNING * * *
😱 HP[-5] MP[-3]
You take 5 damage, and now have 3/45 hp.
You lost 3 mp, and now have 10/18 mp.
Casting: Stone Arrow (safe; 1% risk of failure)
Confirm with . or Enter, or press ? or * to list all spells.
Aiming: Stone Arrow (safe; 1% risk of failure)
Press: ? - help, Shift-Dir - straight line, f/p - wight
Aim: a wight, wielding a +4 war axe and wearing a +0 robe (78% to hit)
The stone arrow hits the wight!
The wight hits you with a +4 war axe.
You die...

Skill      XL: |  1  2  3  4  5  6  7  8  9 |
---------------+----------------------------+-----
Earth Magic    | 4 5 6 7 8 |  8.3
Conjurations   | 1 2 3 4 6 8 9 |  9.1
Spellcasting   | 3 4 5 6 |  6.0
Dodging        | |  1.5
Stealth        | |  2.1
Transmutations | |  0.7

Action                     |  1- 3 |  4- 6 |  7- 9 || total
---------------------------+-------+-------+-------++-------
  Melee: Unarmed           |    32 |       |       ||    32
         Dagger            |       |       |     9 ||     9
   Cast: Sandblast         |    56 |   109 |    71 ||   236
         Stone Arrow       |       |     7 |    21 ||    28
    Use: Scroll            |     2 |     3 |    11 ||    16
         Potion            |       |     1 |       ||     1
 Armour: Robe              |    20 |    13 |    27 ||    60
  Dodge: Dodged            |    36 |    30 |    24 ||    90

Levels and vault maps discovered:
D:1:      lightli_arrival_noodles, layout_basic, minmay_misc_feat_cross
D:2:      layout_rooms, eino_curves_04, nicolae_hexahallways,
          grunt_decor_fettered, nrook_campfire, st_stairs_6
D:3:      layout_loops_ring, kennysheep_pointless_box, uniq_ijyb
D:4:      layout_basic, serial_shops, nicolae_diamond_shop, serial_aquarium,
          aquarium_bridge_straight [aquarium_subvault_bridge,
          aquarium_subvault_wall, aquarium_subvault_bridge,
          aquarium_subvault_wall], aquarium_window_2,
          aquarium_window_corridor_1, aquarium_window_1, aquarium_window_2,
          aquarium_view_2f, aquarium_view_2c, aquarium_balcony_1b,
          aquarium_pool_double, chequers_big_river, palyth_stone_intersect,
          uniq_pikel
D:5:      layout_layer_cave, uniq_crazy_yiuf_cottage
D:6:      layout_loops_ring, jmf_multi_god_temple2, minivault_27,
          minmay_microvault
D:7:      layout_basic, lemuel_temple_firewalk_b
D:8:      layout_basic, hangedman_minor_gate_pass, uniq_psyche
Temple:   nicolae_temple_bog_church

Notes
Turn   | Place    | Note
-------+----------+-------------------------------------------
     0 | D:1      | kae the Gargoyle Earth Elementalist began the quest for the
                  | Orb.
     0 | D:1      | Reached XP level 1. HP: 10/10 MP: 3/3
     0 | D:1      | magus.rc [v1.11.3]
    94 | D:1      | Reached skill level 4 in Earth Magic
    94 | D:1      | Reached XP level 2. HP: 15/15 MP: 0/5
   136 | D:1      | You add the spells Blink, Manifold Assault and Storm Form
                  | to your library.
   564 | D:1      | Reached XP level 3. HP: 19/19 MP: 3/6
   570 | D:1      | Learned a level 3 spell: Stone Arrow
   573 | D:1      | Learned a level 2 spell: Passwall
  1333 | D:2      | Reached skill level 1 in Conjurations
  1405 | D:2      | Reached XP level 4. HP: 13/24 MP: 1/8
  1800 | D:2      | Reached skill level 3 in Spellcasting
  1804 | D:2      | Reached skill level 2 in Conjurations
  2182 | D:3      | Noticed Ijyb
  2450 | D:3      | Reached XP level 5. HP: 28/28 MP: 4/9
  2892 | D:3      | Identified the +0 robe "Plog" {rPois rCorr Str-2}
  3111 | D:4      | Reached skill level 3 in Conjurations
  3111 | D:4      | Reached skill level 5 in Earth Magic
  3136 | D:4      | Reached XP level 6. HP: 32/32 MP: 1/11
  3294 | D:4      | Found Bung's Distillery.
  3384 | D:4      | Noticed Pikel
  3592 | D:4      | Reached skill level 4 in Conjurations
  4420 | D:5      | Entered Level 5 of the Dungeon
  4593 | D:5      | Reached XP level 7. HP: 34/36 MP: 3/12
  4600 | D:5      | Reached skill level 4 in Spellcasting
  4618 | D:5      | Reached skill level 5 in Conjurations
  4687 | D:5      | Reached skill level 6 in Earth Magic
  5318 | D:5      | Found a runed translucent door.
  5319 | D:5      | Noticed Crazy Yiuf
  5602 | D:5      | Reached skill level 6 in Conjurations
  5887 | D:5      | Reached XP level 8. HP: 41/41 MP: 11/14
  5940 | D:5      | Learned a level 4 spell: Petrify
  6094 | D:6      | Found a large runed translucent door.
  6095 | D:6      | Found a large runed translucent door.
  6274 | D:6      | Noticed a wraith
  6279 | D:6      | Killed a wraith
  6280 | D:6      | Reached skill level 5 in Spellcasting
  6280 | D:6      | Reached skill level 7 in Conjurations
  6280 | D:6      | Reached skill level 7 in Earth Magic
  6905 | D:6      | Reached skill level 8 in Conjurations
  6917 | D:6      | You add the spells Sting, Poisonous Vapours and Olgreb's
                  | Toxic Radiance to your library.
  7142 | D:6      | Reached XP level 9. HP: 37/45 MP: 1/17
  7252 | D:6      | Found a glowing silver altar of Zin.
  7255 | D:6      | Found an ancient bone altar of Kikubaaqudgha.
  7350 | D:7      | Reached skill level 8 in Earth Magic
  7749 | D:7      | Reached skill level 9 in Conjurations
  7889 | D:7      | Found a staircase to the Ecumenical Temple.
  7898 | Temple   | Entered the Ecumenical Temple
  8057 | Temple   | Became a worshipper of Vehumet
  8208 | D:8      | Reached skill level 6 in Spellcasting
  8232 | D:8      | HP: 8/45 [wight/+4 war axe (9)]
  8234 | D:7      | HP: 3/45 [wight/+4 war axe (6)]
  8235 | D:7      | Slain by a wight

Vanquished Creatures
  A wraith (D:6)
  2 ice beasts (D:6)
  A sky beast (D:6)
  2 black bears
  A centaur (D:7)
  2 ogres
  3 lemures (D:4)
  2 phantoms
  A kobold brigand (D:7)
  2 bullfrogs
  A necrophage (D:6)
  4 scorpions
  2 wights (D:8)
  4 hounds
  2 jellies
  3 orc wizards
  5 iguanas
  8 gnolls
  9 adders
  A shadow imp (D:6)
  2 worms
  2 dart slugs (D:1)
  12 orcs
  7 endoplasms
  5 giant cockroaches
  8 goblins
  13 hobgoblins
  6 jackals
  3 quokkas
  8 ball pythons
  3 bats
  7 frilled lizards
  10 kobolds
  5 rats
147 creatures vanquished.

Vanquished Creatures (others)
  9 fungi (D:4)
  15 plants (D:4)
24 creatures vanquished.

Grand Total: 171 creatures vanquished

Table legend:
 A = Non-vault XP
 B = Vault XP
 C = Vault XP percentage of total XP
 D = Non-vault monster count
 E = Vault monster count
 F = Vault count percentage of total count
                 A         B        C        D         E       F
            +---------+---------+-------+---------+---------+-------
      Total |    2738 |     485 |  15.0 |     139 |       5 |   3.5
            +---------+---------+-------+---------+---------+-------
        D:1 |      58 |       0 |   0.0 |      25 |       0 |   0.0
        D:2 |      66 |       3 |   4.3 |      18 |       2 |  10.0
        D:3 |      69 |       0 |   0.0 |      17 |       0 |   0.0
        D:4 |     288 |       0 |   0.0 |      29 |       0 |   0.0
        D:5 |     738 |       0 |   0.0 |      17 |       0 |   0.0
        D:6 |     781 |     482 |  38.2 |      17 |       3 |  15.0
        D:7 |     592 |       0 |   0.0 |      14 |       0 |   0.0
        D:8 |     146 |       0 |   0.0 |       2 |       0 |   0.0
            +---------+---------+-------+---------+---------+-------

Illustrated notes

Table legend:
 A = Kills in this place as a percentage of kills in entire the game.
 B = Kills by you in this place as a percentage of kills by you in the entire game.
 C = Kills by friends in this place as a percentage of kills by friends in the entire game.
 D = Other kills in this place as a percentage of other kills in the entire game.
 E = Experience gained in this place as a percentage of experience gained in the entire game.
 F = Experience gained in this place divided by the number of levels of this place that you have seen.
                   A       B       C       D       E      F
               +-------+-------+-------+-------+-------+----------------------
         Total | 100.0 | 100.0 |   N/A |   N/A | 100.0 | 358.1
       Dungeon | 100.0 | 100.0 |   N/A |   N/A | 100.0 | 402.9
               +-------+-------+-------+-------+-------+----------------------

Table legend: (Time is in decaauts)
 A = Elapsed time spent in this place.
 B = Non-inter-level travel time spent in this place.
 C = Inter-level travel time spent in this place.
 D = Time resting spent in this place.
 E = Time spent auto-exploring this place.
 F = Levels seen in this place.
 G = Mean time per level.
                   A        B        C        D        E       F      G
               +--------+--------+--------+--------+--------+-----+--------+
         Total |   8377 |   8055 |    322 |    386 |   6671 |   9 |  930.8 |
       Dungeon |   8180 |   7883 |    297 |    386 |   6537 |   8 | 1022.5 |
        Temple |    197 |    173 |     24 |      0 |    134 |   1 |  197.0 |
               +--------+--------+--------+--------+--------+-----+--------+

Top non-repeatable levels by time:
     D:5: 1568 daAuts
     D:6: 1364 daAuts
     D:4: 1324 daAuts
     D:1: 1271 daAuts
     D:2: 960 daAuts
     D:3: 953 daAuts
     D:7: 697 daAuts
  Temple: 197 daAuts
     D:8: 40 daAuts
